[Event "Late-Titled-Tuesday-Blitz-April-30-2024"]
[Site "Chess.com"]
[Date "2024.04.30"]
[Round "9"]
[White "Rytenko_V"]
[Black "Rodalquilar"]
[Result "1/2-1/2"]
[WhiteElo "2494"]
[BlackElo "2671"]
[TimeControl "180+1"]
[EndTime "15:45:21 PDT"]
[Termination "Game drawn by repetition"]

1. e4 d5 2. exd5 Qxd5 3. Nc3 Qa5 4. d4 Nf6 5. Nf3 Bf5 6. Ne5 c6 7. g4 Be6 8. Nc4 Qc7 9. g5 Nd5 10. Qf3 Nd7 11. Bd2 g6 12. O-O-O Bg7 13. Be1 Nxc3 14. Qxc3 Nb6 15. Bd2 O-O-O 16. Nxb6+ axb6 17. Be3 Bd5 18. Bh3+ Kb8 19. Rhg1 e5 20. Rg3 Rhe8 21. Bg2 Bxg2 22. Rxg2 exd4 23. Bxd4 Qd7 24. Be5+ Bxe5 25. Rxd7 Bxc3 26. Rxd8+ Rxd8 27. bxc3 Rd5 28. Rg4 Kc7 29. Rf4 Rd7 30. a4 Kd6 31. Kd2 Ke6+ 32. Ke3 Rd5 33.
h4 Re5+ 34. Kd3 Rf5 35. Rb4 Kd6 36. f4 Kc7 37. Rd4 b5 38. axb5 Rxb5 39. Ke4 Rc5 40. c4 Rf5 41. Rd3 h6 42. Rd4 hxg5 43. hxg5 Kb6 44.
Rd7 Ka6 45. Re7 b6 46. Re5 b5 47. cxb5+ cxb5 48. Rxf5 gxf5+ 49. Kxf5 b4 50. Kf6 Kb5 51.
Kxf7 Kc5 52. g6 b3 53. g7 b2 54. g8=Q b1=Q 55. Qc8+ Kd4 56. Qd7+ Ke4 57. f5 Qxc2 58. Qe6+ Kf4 59. f6 Qh7+ 60. Ke8 Qg6+ 61. Ke7 Qg5 62. Qd6+ Ke4 63. Ke8 Qg8+ 64. Kd7 Kf5 65. Qe7 Qd5+ 66. Ke8 Qg8+ 67. Kd7 Qd5+ 68. Kc7 Qc4+ 69. Kd8 Qg8+ 70.
Kd7 1/2-1/2

[Event "Late-Titled-Tuesday-Blitz-April-30-2024"]
[Site "Chess.com"]
[Date "2024.04.30"]
[Round "9"]
[White "nabukatnezarr"]
[Black "IlanSchnaider"]
[Result "0-1"]
[WhiteElo "2594"]
[BlackElo "2745"]
[TimeControl "180+1"]
[EndTime "15:45:22 PDT"]
[Termination "IlanSchnaider won by resignation"]

1. d4 d5 2. c4 c6 3. Nf3 Nf6 4. Qc2 dxc4 5. e4 b5 6. b3 cxb3 7. axb3 e6 8. Bd2 Bb7 9. Ba5 Qc8 10. b4 Nbd7 11. Bd3 Be7 12. O-O h6 13. Rc1 O-O 14. Nbd2 Nb6 15. Ne5 Qd8 16. Nb3 Rc8 17. Qe2 Nfd7 18.
Ng4 Nf6 19. Ne5 Nfd7 20. Nf3 Qe8 21. Nc5 Ba8 22. Qe3 Bd6 23. e5 Bxc5 24. dxc5 Nd5 25. Qe4 f5 26. exf6 N7xf6 27. Qd4 Qh5 28. h3 Nd7 29. Qe4 Qf5 30. Re1 Rce8 31. Qxf5 exf5 32. Rxe8 Rxe8 33. Bxf5 Ne5 34. Nxe5 Rxe5 35. g4 Bb7 36. Bd8 a6 37. Bh4 Nxb4 38. Bg3 Rxc5 39. Bd6 Nc2 40. Rc1 Rxf5 41. gxf5 Nd4 42. f6 Ne2+ 43.
Kg2 Nxc1 44. fxg7 Kxg7 45. Kf3 a5 46. Ke4 a4 47. Kd4 Nb3+ 48. Kc3 c5 49. f4 Kf6 50. Bf8 h5 51. h4 Kf5 52. Kb2 Bd5 53. Ka3 Kxf4 54.
Bd6+ Kg4 55. Be7 Bc6 56. Kb2 b4 57. Bf8 Bd5 58. Kb1 a3 59. Ka2 Nd2+ 60. Ka1 b3 61. Bg7 b2+ 62. Bxb2 axb2+ 63. Kxb2 Kxh4 64. Kc3 Ne4+ 65. Kd3 Kg3 66. Ke3 h4 67. Ke2 Kg2 68. Ke3 h3 69. Ke2 h2 70. Ke3 h1=Q 71. Kf4 Qh4+ 72. Ke5 Qf6+ 73. Kxd5 Qd6+ 74. Kc4 Qd4+ 75. Kb5 Qb4+ 76. Kc6 c4 77. Kd7 c3 78. Ke8 c2 79.
Kf7 c1=Q 0-1

[Event "Late-Titled-Tuesday-Blitz-April-30-2024"]
[Site "Chess.com"]
[Date "2024.04.30"]
[Round "9"]
[White "DanielNaroditsky"]
[Black "AlexeiShirov"]
[Result "1/2-1/2"]
[WhiteElo "3028"]
[BlackElo "2831"]
[TimeControl "180+1"]
[EndTime "15:45:25 PDT"]
[Termination "Game drawn by agreement"]

1. e4 e5 2. Nf3 Nc6 3. Nc3 Nf6 4. g3 Nxe4 5. Nxe4 d5 6. Nc3 d4 7. Bg2 dxc3 8. bxc3 Bc5 9. O-O O-O 10. Re1 Re8 11. d4 exd4 12. Rxe8+ Qxe8 13. cxd4 Bd6 14. c4 Bg4 15. Be3 Rd8 16. h3 Bh5 17. Qb3 b6 18. c5 bxc5 19. dxc5 Bf8 20. g4 Bg6 21. Re1 Qd7 22.
Nh4 Nd4 23. Qc3 Nc2 24. c6 Qd6 25. Rc1 Nxe3 26. Qxe3 Qa3 27. Qxa3 Bxa3 28. Re1 Bb4 29. Rc1 Ba3 30. Rf1 Rd2 31. Re1 Kf8 32. Nf3 Rxa2 33. Ne5 h6 34. Nd7+ Kg8 35. h4 h5 36. gxh5 Bxh5 37.
Re8+ Kh7 38. Be4+ g6 39. Nf6+ Kg7 40. Nxh5+ gxh5 41. Bd5 Rd2 42. Re5 Bc5 43. Rf5 Bxf2+ 44.
Kf1 Bxh4 45. Rxf7+ Kg6 46. Rd7 Rf2+ 47. Kg1 Bg3 48.
Be4+ Kf6 49. Rd3 h4 50. Bg2 Re2 51. Bf3 Re1+ 52. Kg2 Ra1 53. Kh3 a5 54. Rd5 a4 55.
Ra5 a3 56. Bd5 Ke5 57. Bg8+ Kd6 58. Ra6 Kc5 59. Kg4 Kb5 60. Ra8 Kxc6 61. Bb3 Kb5 62.
Bc2 Kb4 63. Be4 a2 64. Bd5 c5 65. Bxa2 Kc3 66. Ra4 Kb2 67. Bb3 Rxa4+ 68. Bxa4 c4 69. Kh3 c3 70. Kg2 c2 71. Bxc2 Kxc2 72. Kh1 Kd2 73.
Kg2 1/2-1/2

[Event "Late-Titled-Tuesday-Blitz-April-30-2024"]
[Site "Chess.com"]
[Date "2024.04.30"]
[Round "9"]
[White "georgpapi"]
[Black "el008"]
[Result "0-1"]
[WhiteElo "2379"]
[BlackElo "2536"]
[TimeControl "180+1"]
[EndTime "15:45:25 PDT"]
[Termination "el008 won by checkmate"]

1. c4 b6 2. Nc3 Bb7 3. b3 e5 4. Bb2 Nf6 5. e3 Nc6 6. Nf3 d5 7. cxd5 Nxd5 8. Nxd5 Qxd5 9. Bc4 Qd6 10. O-O Be7 11.
Rc1 Kf8 12. d4 exd4 13. Nxd4 Nxd4 14. Bxd4 Bf6 15. Bxf6 Qxf6 16. Qd7 Qe7 17. Qxe7+ Kxe7 18. Bxf7 c5 19. Bc4 a6 20. Rfd1 b5 21. Bd5 Bxd5 22. Rxd5 Rhd8 23. Rdxc5 Rd2 24. R5c2 Rad8 25. g4 Ke6 26.
Kg2 Ke5 27. Kg3 Ke4 28. a4 Rxc2 29. Rxc2 Rd3 30. Rc6 Rxb3 31. Rxa6 b4 32. Rb6 Kd3 33. a5 Kc3 34. e4 Ra3 35. a6 b3 36. e5 b2 37. e6 Rxa6 38. Rxa6 b1=Q 39. Ra3+ Kd4 40. Re3 Qb8+ 41. Kh3 Qe8 42. e7 g5 43. Kg3 Kd5 44.
h4 h6 45. f4 gxf4+ 46. Kxf4 Kd6 47. Rd3+ Ke6 48. Re3+ Kf7 49. Kg3 Qb8+ 50. Kf3 Qb7+ 51. Kg3 Ke8 52. Kf4 Qd5 53. h5 Qg2 54. Re4 Qf2+ 55. Ke5 Kxe7 56. Kd5+ Kf7 57. Ke5 Kg7 58. Ke6 Qf6+ 59. Kd5 Kf7 60. Re5 Qd8+ 61. Ke4 Kf6 62. Rf5+ Kg7 63. Re5 Qa8+ 64. Kf5 Qf3+ 65. Ke6 Qxg4+ 66.
Kd5 Kf6 67. Re4 Qd7+ 68. Kc4 Qc6+ 69. Kd3 Kg5 70. Re5+ Kg4 71. Re4+ Kxh5 72. Re5+ Kg6 73. Ke3 Qf6 74. Re4 h5 75. Rf4 Qe5+ 76. Kf3 Kg5 77. Re4 Qf5+ 78. Ke3 h4 79. Re8 Qc5+ 80. Ke2 Qb5+ 81.
Kf2 Qxe8 82. Kg1 Qe2 83. Kh1 Kg4 84. Kg1 Kg3 85. Kh1 Qe1# 0-1

[Event "Late-Titled-Tuesday-Blitz-April-30-2024"]
[Site "Chess.com"]
[Date "2024.04.30"]
[Round "9"]
[White "dropstoneDP"]
[Black "FairChess_on_YouTube"]
[Result "1/2-1/2"]
[WhiteElo "3003"]
[BlackElo "3089"]
[TimeControl "180+1"]
[EndTime "15:45:28 PDT"]
[Termination "Game drawn - insufficient material"]

1. e4 c5 2. Nf3 Nc6 3. Nc3 e6 4. h3 a6 5. d4 cxd4 6. Nxd4 Qc7 7. Nxc6 Qxc6 8. Bd3 b5 9. O-O Nf6 10. Re1 Bb7 11.
Bg5 Be7 12. Qf3 d6 13. a4 bxa4 14. Rxa4 O-O 15. Rc4 Qb6 16. Be3 Qa5 17. Ra4 Qc7 18. Rea1 Rfb8 19. Bd4 Qc6 20. Ra5 Nd7 21. Qe2 Bf6 22.
Bxf6 Nxf6 23. Bxa6 Nxe4 24. Bxb7 Nxc3 25. Bxc6 Nxe2+ 26. Kf1 Rxa5 27. Rxa5 Nd4 28. Ba4 g6 29. c3 Nf5 30. b3 d5 31. Rc5 Nd6 32. Rc6 Ne4 33. Ke2 Kf8 34. Ke3 Ke7 35. c4 dxc4 36. Rxc4 Nf6 37.
Rc7+ Kf8 38. Ra7 Nd5+ 39. Kf3 Rc8 40. g3 Rc3+ 41. Kg2 Rc2 42. Kf1 Rb2 43. Bc6 Rxb3 44. Bxd5 exd5 45. Rd7 Rb5 46. Ke2 Ke8 47. Ra7 Rb6 48.
h4 Re6+ 49. Kd3 Kf8 50. Rd7 Re5 51. f4 Rf5 52. Ke3 Ke8 53. Ra7 h5 54. Kd4 Rf6 55.
Kxd5 Re6 56. Ra4 Ke7 57. Re4 Rxe4 58. Kxe4 Ke6 59. Ke3 Kf5 60. Kf3 f6 61. g4+ hxg4+ 62. Kg3 g5 63. fxg5 fxg5 64. h5 Kf6 65. Kxg4 Kg7 66.
Kxg5 Kh7 67. h6 Kh8 68. h7 Kxh7 1/2-1/2

[Event "Late-Titled-Tuesday-Blitz-April-30-2024"]
[Site "Chess.com"]
[Date "2024.04.30"]
[Round "9"]
[White "balachess2006"]
[Black "Sinquefield"]
[Result "1-0"]
[WhiteElo "2684"]
[BlackElo "2527"]
[TimeControl "180+1"]
[EndTime "15:45:28 PDT"]
[Termination "balachess2006 won on time"]

1. c4 d6 2. d4 Nf6 3. Nf3 Nbd7 4. Nc3 e5 5. g3 Be7 6. Bg2 O-O 7. O-O c6 8. Qc2 Re8 9. Rd1 Qc7 10. b3 Bf8 11.
Bb2 e4 12. Ng5 d5 13. cxd5 cxd5 14. e3 Nb6 15. Rac1 Qd8 16. Nh3 Bg4 17. Rd2 Qd7 18. Nf4 g5 19. Nfe2 Bf3 20. Qd1 h5 21. Qf1 Rac8 22.
Rdc2 a6 23. Kh1 Bd6 24. Ng1 g4 25. Nge2 h4 26. Kg1 Kg7 27. Nd1 Rxc2 28. Rxc2 Rh8 29. Nf4 Qf5 30. a4 Qh7 31. Bxf3 exf3 32. Qd3 Ne4 33.
a5 hxg3 34. fxg3 f2+ 35. Rxf2 Nxf2 36. Qxh7+ Rxh7 37. Nxf2 Bxf4 38. gxf4 Nd7 39. Nxg4 f5 40. Ne5 Nxe5 41. dxe5 Kf7 42. Bd4 Ke6 43. b4 Kd7 44.
Kg2 Rh6 45. Kg3 Ke6 46. h4 Rh5 47. Bc5 Rh7 48. Kh3 Rh5 49. Kg3 Rh8 50. Bb6 Rh7 51. Bd8 Rg7+ 52. Bg5 Rh7 53. Kf3 Rh8 54. Ke2 Rh7 55. Kd3 Rh8 56. Kd4 Rc8 57. Kd3 Rc4 58.
h5 Rxb4 59. Kc2 Rc4+ 60. Kd2 Ra4 61. h6 Ra1 62. Kc3 Rh1 63. Kd4 Rd1+ 64. Kc5 Rc1+ 65. Kb6 Rb1+ 66. Kc7 Rh1 67. Kxb7 Kd7 68. Kxa6 Kc6 69. e6 Kd6 70. e7 Kd7 71. Ka7 Rb1 72. a6 Rb2 73. Bf6 Rh2 74. Bg5 Rb2 75. Ka8 Rb1 76. a7 Rb2 77. Bf6 Rh2 78. Kb7 Rxh6 79. a8=Q Rxf6 80. e8=Q+ 1-0

[Event "Late-Titled-Tuesday-Blitz-April-30-2024"]
[Site "Chess.com"]
[Date "2024.04.30"]
[Round "9"]
[White "VD_coach"]
[Black "Yerkinio"]
[Result "0-1"]
[WhiteElo "2532"]
[BlackElo "2664"]
[TimeControl "180+1"]
[EndTime "15:45:28 PDT"]
[Termination "Yerkinio won by resignation"]

1. d4 Nf6 2. Nf3 e6 3. c4 b6 4.
Nc3 Bb7 5. e3 d5 6. Bd3 Bd6 7.
O-O O-O 8. b3 Nbd7 9. Bb2 a6 10.
Qe2 dxc4 11. bxc4 e5 12. d5 Nc5 13. e4 Nh5 14. Bc2 Nf4 15. Qe3 Bc8 16. Ne2 Nxe2+ 17.
Qxe2 Qf6 18. Ne1 Qg6 19. f3 f5 20. exf5 Bxf5 21. Bxf5 Qxf5 22. Rd1 Rae8 23. Nd3 Nxd3 24. Qxd3 Bc5+ 25. Kh1 Qxd3 26. Rxd3 e4 27. Rd2 exf3 28. gxf3 Re3 29. Kg2 Rfe8 30. Bd4 Re2+ 31. Rf2 Rxd2 32.
Rxd2 Bxd4 33. Rxd4 Re2+ 34. Kg3 Rxa2 35. d6 cxd6 36.
Rxd6 Rb2 37. c5 bxc5 38. Rxa6 c4 39. Rc6 Rc2 40. Rc7 h6 41. h4 c3 42. h5 Rc1 43.
Kg4 Kf8 44. Kf5 c2 45. f4 Ke8 46. Rc3 Kd7 47. Rc4 Kd6 48. Rc8 Kd5 49. Rd8+ Kc4 50. Rc8+ Kd3 51. Rd8+ Ke3 52. Rc8 Kf3 53. Rc3+ Kf2 54.
Rc8 Kg3 55. Rc3+ Kh4 56. Rc7 Kxh5 57. Rc3 Kh4 58. Rc4 Kg3 59. Rc3+ Kh2 60. Rc6 Kg2 61. Rc3 Kf2 62. Rc6 g5 63. Rc5 gxf4 64. Kxf4 Ke2 65. Ke4 h5 66. Rxh5 Rf1 67. Rh2+ Kd1 68. Kd3 c1=Q 0-1

[Event "Late-Titled-Tuesday-Blitz-April-30-2024"]
[Site "Chess.com"]
[Date "2024.04.30"]
[Round "9"]
[White "Heliosis11"]
[Black "BabageldiAnnaberdiyev"]
[Result "0-1"]
[WhiteElo "2414"]
[BlackElo "2604"]
[TimeControl "180+1"]
[EndTime "15:45:30 PDT"]
[Termination "BabageldiAnnaberdiyev won on time"]

1. e4 e6 2. d4 d5 3. Nc3 Nf6 4. e5 Nfd7 5. f4 c5 6. Nf3 Nc6 7. Be3 a6 8. Qd2 b5 9. Bd3 Qb6 10. Qf2 c4 11. Be2 b4 12. Nd1 g6 13. O-O h5 14. c3 a5 15. Ng5 Ba6 16. Qg3 Ne7 17. Bd2 Nf5 18. Qf2 Be7 19. Ne3 a4 20. Nxf5 gxf5 21.
Bf3 Nf8 22. Qe2 h4 23. Be3 Rb8 24. Bd2 Ng6 25. Bh5 Kf8 26. Nh3 Kg7 27. Bf3 a3 28. Rab1 axb2 29. Rxb2 b3 30. Qe3 Qa5 31. axb3 cxb3 32. Re1 Bc4 33. Rbb1 b2 34. Be2 Ba2 35.
c4 Qa4 36. cxd5 Bxb1 37. Rxb1 Qa2 38. Bd3 Qxd5 39. Nf2 Rhc8 40. Nd1 Rd8 41. Bc3 Ba3 42. Qd2 Rb3 43. Nxb2 Bxb2 44. Rxb2 Rxc3 45. Qxc3 Qxd4+ 46. Qxd4 Rxd4 47. Be2 Nxf4 48. Bf3 Ng6 49. Re2 Rb4 50. g3 hxg3 51. hxg3 Rb5 52. Kf2 Rxe5 53. Rb2 Rc5 54. Rb7 Kf6 55. Be2 Ne5 56. Bf1 Rc3 57. Be2 Ng4+ 58. Bxg4 fxg4 59. Rb4 Kg5 60. Rb5+ f5 61. Rb8 Rc2+ 62. Kg1 e5 63. Rg8+ Kf6 64. Rf8+ Ke6 65. Re8+ Kd5 66. Rf8 Ke4 67. Re8 f4 68. gxf4 Kxf4 69.
Rf8+ Kg3 70. Rf1 e4 71. Re1 Kf4 72. Kf1 g3 73. Kg1 e3 74. Rf1+ Kg4 0-1

[Event "Late-Titled-Tuesday-Blitz-April-30-2024"]
[Site "Chess.com"]
[Date "2024.04.30"]
[Round "9"]
[White "JonasEilenberg"]
[Black "maracayo"]
[Result "1-0"]
[WhiteElo "2565"]
[BlackElo "2371"]
[TimeControl "180+1"]
[EndTime "15:45:31 PDT"]
[Termination "JonasEilenberg won on time"]

1. d4 Nf6 2. c4 e6 3. Nc3 Bb4 4. Qc2 d6 5. Bd2 Bxc3 6. Bxc3 Qe7 7. Nf3 Nc6 8. e3 e5 9. dxe5 dxe5 10. Be2 O-O 11. O-O Re8 12. h3 a5 13. Rad1 h6 14. a3 b6 15. Nd2 Bb7 16. Bf3 Nd8 17. Ne4 Rb8 18. Rd2 Ne6 19. Nxf6+ Qxf6 20. Bxb7 Rxb7 21. Rfd1 c5 22. Qe4 Rbe7 23. Bxe5 Ng5 24. Bxf6 Rxe4 25.
Bxg5 hxg5 26. Rc2 g4 27. hxg4 Rxg4 28. Rd6 Rb8 29. a4 Rg6 30. Rcd2 Rxd6 31. Rxd6 Kf8 32. Rc6 Ke7 33. Rc7+ Ke6 34. Kf1 g5 35. Ke2 f5 36.
b3 g4 37. f3 gxf3+ 38. gxf3 Rg8 39. Rc6+ Ke7 40. Rxb6 Rg2+ 41. Kd3 Rf2 42. f4 Rb2 43. Rb5 Kd6 44. Rb6+ Ke7 45. e4 fxe4+ 46. Kxe4 Re2+ 47. Kd5 Rf2 48. Kxc5 Rxf4 49. Kb5 Rf5+ 50. c5 Kd7 51. Rb7+ Kc8 52. Rh7 Rf3 53. Rh8+ Kb7 54. Rh7+ Kc8 55. Kc4 Rf4+ 56. Kc3 Rf3+ 57. Kb2 Rf5 58. Rh1 Rxc5 59. Rh6 Rd5 60. Rb6 Kc7 61. Rh6 Kb7 62. Rh7+ Kb6 63.
Rh6+ Kb7 64. Kc3 Kc7 65. Kc4 Rd8 66. Kb5 Rb8+ 67. Kc4 Rd8 68. Rh7+ Kb6 69. Rh6+ Kb7 70. Kb5 Rd6 71. Rxd6 1-0

[Event "Late-Titled-Tuesday-Blitz-April-30-2024"]
[Site "Chess.com"]
[Date "2024.04.30"]
[Round "9"]
[White "CarrotsandPizza"]
[Black "Kombinator01"]
[Result "1/2-1/2"]
[WhiteElo "2584"]
[BlackElo "2407"]
[TimeControl "180+1"]
[EndTime "15:45:48 PDT"]
[Termination "Game drawn - insufficient material"]

1. e4 c6 2. d4 d5 3. e5 Bf5 4.
Nf3 e6 5. Be2 c5 6. O-O Nc6 7. Be3 Qb6 8. c4 cxd4 9. Nxd4 Nxd4 10. Bxd4 Bc5 11. Bxc5 Qxc5 12. Qa4+ Qc6 13. Qa3 Ne7 14.
cxd5 Nxd5 15. Nc3 Nxc3 16. bxc3 a6 17. Bf3 Be4 18. Bxe4 Qxe4 19. Rfe1 Qc6 20. Rad1 Rd8 21. Rxd8+ Kxd8 22. Rd1+ Kc8 23. Qe7 Qc7 24. Qxc7+ Kxc7 25. f4 Re8 26. Kf2 Re7 27. Ke3 Kc6 28. Rd8 Rc7 29. Kd4 h5 30. a4 Kb6 31. f5 exf5 32. Rd5 g6 33. a5+ Kc6 34. Rc5+ Kd7 35. Rd5+ Ke7 36.
c4 Rd7 37. Kc5 f4 38. h4 Rc7+ 39. Kb6 Rxc4 40. Kxb7 Ke6 41. Rd2 Kxe5 42. Kxa6 f3 43. gxf3 Rxh4 44. Ra2 Rd4 45. Kb7 Kf4 46. a6 Rd8 47.
Ra3 h4 48. Kc7 Rf8 49. Kd7 Ra8 50. a7 f5 51. Ke6 g5 52. Ra4+ Kxf3 53. Kxf5 g4 54.
Rf4+ Ke3 55. Rxg4 h3 56. Rh4 Rxa7 57. Rxh3+ Kf2 58. Rb3 Ra5+ 59. Ke4 Ra4+ 60. Kd5 Rh4 61. Kc5 Rf4 62. Kb5 Rf3 63. Rb4 Ke3 64. Rc4 Rf4 65. Kb4 Rd4 66. Kb5 Rd3 67. Rb4 Rc3 68. Ka4 Rd3 69. Kb5 Kd2 70. Kc5 Kc3 71. Rc4+ Kd2 72. Rg4 Rc3+ 73. Kd4 Ra3 74. Ke5 Ra5+ 75. Kf6 Ke3 76.
Kg7 Kf3 77. Rb4 Ke3 78. Kg6 Kf3 79. Kf6 Ke3 80. Ke6 Kf3 81. Kd6 Ke3 82. Kc6 Kf3 83.
Kb6 Rh5 84. Rb5 Rxb5+ 85. Kxb5 1/2-1/2

[Event "Late-Titled-Tuesday-Blitz-April-30-2024"]
[Site "Chess.com"]
[Date "2024.04.30"]
[Round "9"]
[White "Akhayan"]
[Black "IngOscarArdila"]
[Result "0-1"]
[WhiteElo "2454"]
[BlackElo "2340"]
[TimeControl "180+1"]
[EndTime "15:45:56 PDT"]
[Termination "IngOscarArdila won on time"]

1. e4 e5 2. Nc3 Nf6 3. Bc4 Nc6 4. d3 Bb4 5. Ne2 d6 6. O-O O-O 7. f4 exf4 8. Bxf4 Ne5 9. Bb3 Bg4 10. h3 Be6 11. Bg5 Ned7 12. Nd5 Bxd5 13. Bxd5 c6 14.
Bb3 a5 15. c3 Bc5+ 16. d4 Bb6 17. Kh1 Qe8 18. Bxf6 Nxf6 19. Rxf6 gxf6 20. Ng3 Kh8 21. Qh5 a4 22. Bc2 Rg8 23. e5 Rg6 24. exf6 Qe6 25.
Bxg6 fxg6 26. Qh4 Rf8 27. Rf1 Bd8 28. Ne4 d5 29. Ng5 Qg8 30. f7 Qg7 31. Qg4 Bxg5 32. Qxg5 h6 33. Qe7 b5 34. a3 g5 35. Qe6 Kh7 36.
Qf5+ Qg6 37. Qd7 Kg7 38. Kh2 h5 39. Qe7 g4 40. hxg4 hxg4 41. Kg1 g3 42. Qe5+ Kh7 43.
Rf6 Qg4 44. Qf5+ Qxf5 45. Rxf5 Kg6 46. Rf3 Rxf7 47. Rxg3+ Kh5 48. Rf3 Re7 49. Kf2 Kg5 50. Rf8 Re6 51. Rf7 Kg6 52. Rf8 Kg7 53. Rf3 Kg6 54. Re3 Rf6+ 55. Kg3 Kg7 56. Re2 Rg6+ 57. Kf4 Rf6+ 58. Ke5 Kf7 59. Rd2 Re6+ 60. Kf5 Rf6+ 61. Kg5 Rg6+ 62. Kf4 Rf6+ 63. Ke3 Re6+ 64. Kd3 Kg6 65.
Rf2 Re1 66. Kc2 Kg7 67. b3 Ra1 68. Kb2 Rd1 69. bxa4 bxa4 70. Re2 Kf7 71. g4 Rg1 72. c4 Rxg4 73. cxd5 cxd5 74. Kc3 Rg3+ 75. Kb4 Rd3 76. Kxa4 Rxd4+ 77. Kb5 Rd1 78. a4 d4 79. a5 d3 80. Ra2 d2 81. Ka6 Ke6 82. Ka7 Kd7 83. a6 Kc7 84. Ka8 Re1 85. Rc2+ Kb6 86. Rxd2 Re8+ 0-1

[Event "Late-Titled-Tuesday-Blitz-April-30-2024"]
[Site "Chess.com"]
[Date "2024.04.30"]
[Round "9"]
[White "ChEsper99"]
[Black "falzehope0"]
[Result "1-0"]
[WhiteElo "2268"]
[BlackElo "2410"]
[TimeControl "180+1"]
[EndTime "15:46:05 PDT"]
[Termination "ChEsper99 won by checkmate"]

1. d4 e6 2. Bf4 d5 3. Nf3 Ne7 4.
e3 Ng6 5. Bg3 Be7 6. c3 O-O 7.
Bd3 f5 8. Ne5 Nxe5 9. Bxe5 Nd7 10.
Bg3 Nf6 11. f3 c5 12. O-O Nh5 13. Be5 c4 14. Bc2 b5 15. Nd2 b4 16. e4 bxc3 17.
bxc3 f4 18. exd5 exd5 19. Qb1 h6 20. Bh7+ Kh8 21. Qg6 Nf6 22. Bxf6 Bxf6 23. Qc2 Qa5 24. Bg6 Bd7 25. Rab1 Ba4 26. Qb2 Bc6 27. Rfe1 Bd8 28.
Re5 Bc7 29. Re6 Qa4 30. Qb4 Ba5 31. Qxa4 Bxa4 32. Rc1 Rf6 33. Rxf6 gxf6 34. Bf7 Rd8 35. Kf2 Kg7 36. Be6 Rd6 37. Bf5 Bd7 38. Bxd7 Rxd7 39. Ke2 Re7+ 40. Kd1 Re3 41. Nb1 Rd3+ 42. Ke2 Re3+ 43. Kd2 Rd3+ 44. Ke2 Kg6 45. Rd1 Re3+ 46. Kd2 Rd3+ 47. Kc2 Rxd1 48. Kxd1 Kf5 49. Kd2 Bc7 50.
Na3 a6 51. Nc2 Ba5 52. Na3 Ke6 53. Nb1 Kd6 54. Kc2 Kc6 55. Nd2 Kb5 56. Nf1 Ka4 57. Kb2 Bc7 58. h4 Bd6 59. h5 Ba3+ 60. Kc2 Be7 61.
Nh2 Ka3 62. Ng4 Kxa2 63. Nxh6 Bf8 64. Nf5 Ka3 65. h6 Bxh6 66. Nxh6 Ka4 67. Ng4 Kb5 68. Nxf6 Kc6 69. Nh5 Kd6 70. Nxf4 a5 71. g4 a4 72. g5 a3 73. Nh5 Ke6 74. Ng3 Kd6 75. f4 Ke6 76. f5+ Kd6 77. Kb1 Ke7 78. Ka2 Kf7 79.
Kxa3 Ke7 80. Kb4 Kd7 81. Kc5 Kc7 82. Kxd5 Kd7 83. Kxc4 Ke7 84. Kd5 Kd7 85. g6 Ke7 86. c4 Kf6 87. c5 Ke7 88. Ke5 Kd7 89. g7 Ke7 90. f6+ Kd7 91. f7 Kc6 92. f8=Q Kd7 93. Qd6+ Kc8 94. g8=Q+ Kb7 95. Qgb8# 1-0

[Event "Late-Titled-Tuesday-Blitz-April-30-2024"]
[Site "Chess.com"]
[Date "2024.04.30"]
[Round "9"]
[White "CDOEspiao"]
[Black "BeanScreen"]
[Result "1-0"]
[WhiteElo "2563"]
[BlackElo "2680"]
[TimeControl "180+1"]
[EndTime "15:46:20 PDT"]
[Termination "CDOEspiao won by checkmate"]

1. Nf3 d5 2. g3 c6 3. Bg2 Bg4 4. h3 Bh5 5. O-O Nd7 6. d3 e5 7.
e4 Ngf6 8. Qe1 dxe4 9. dxe4 Be7 10. Nbd2 O-O 11. Nc4 Qc7 12. a4 b5 13. axb5 cxb5 14. Ne3 Bg6 15. Nh4 Rfe8 16. Nhf5 Bf8 17. g4 Nc5 18. Nd5 Nxd5 19. exd5 Bxf5 20. gxf5 Bd6 21.
Be3 e4 22. Qa5 Qe7 23. Bd4 a6 24. Qd2 Qh4 25. Rfe1 Nd7 26. b4 Nf6 27. Be3 h6 28. Ra3 Nh5 29. Bc5 Bf4 30. Be3 Rad8 31. Rxa6 Re5 32. d6 Rxf5 33. Bxe4 Rg5+ 34. Kf1 Qxh3+ 35. Ke2 Bxe3 36. Qxe3 Qg4+ 37. Bf3 Nf4+ 38. Kd1 Qf5 39.
Kc1 Rg6 40. Be4 Qg5 41. Bxg6 fxg6 42. Qb3+ Kh7 43. Kb1 Qf6 44. Qb2 Qf5 45. Rc6 Rd7 46. Rc5 Qf6 47. Re7 Rxd6 48. Qxf6 Rxf6 49. Rcc7 Ne6 50.
Rb7 g5 51. Rb6 Rxf2 52. Rbxe6 Rf1+ 53. Kb2 g4 54. Rb6 g3 55. Rbb7 h5 56. Rxg7+ Kh6 57. Rxg3 h4 58. Rh3 Kg5 59. Rh7 Kg4 60. R3xh4+ Kg3 61. R4h6 Rf4 62. Rg6+ Kf2 63. Kb3 Ke3 64. Rh3+ Kd4 65. Rhg3 Ke5 66. R6g5+ Kf6 67. R5g4 Rf1 68. Rg6+ Kf5 69. R6g5+ Kf4 70. Rxb5 Kxg3 71. Re5 Kf4 72. Re8 Kg5 73. Kc4 Kg6 74. Kb5 Kf7 75. Re2 Rf5+ 76. Ka4 Rf1 77. c4 Ra1+ 78. Kb5 Rf1 79. c5 Rf6 80. c6 Rf5+ 81. Kb6 Rf4 82. b5 Rf6 83. Kb7 Kg7 84. b6 Rf7+ 85. c7 Kg6 86. Kb8 Kg7 87. c8=Q Kg6 88. Qg4+ Kf6 89. Re6# 1-0

[Event "Late-Titled-Tuesday-Blitz-April-30-2024"]
[Site "Chess.com"]
[Date "2024.04.30"]
[Round "9"]
[White "Msb2"]
[Black "Alex_Sahakyan2006"]
[Result "1/2-1/2"]
[WhiteElo "3021"]
[BlackElo "2829"]
[TimeControl "180+1"]
[EndTime "15:46:23 PDT"]
[Termination "Game drawn by 50-move rule"]

1. d4 Nf6 2. c4 c5 3. d5 b5 4. cxb5 a6 5. bxa6 e6 6. dxe6 fxe6 7. Nc3 d5 8. g3 Bxa6 9. Bg2 Nc6 10. Nh3 Bd6 11.
O-O O-O 12. Nf4 Qe7 13. Ncxd5 exd5 14. Nxd5 Qxe2 15. Nxf6+ Rxf6 16. Qxe2 Bxe2 17. Bxc6 Raf8 18. Bd5+ Kh8 19. Re1 Rxf2 20. Be3 R2f5 21. Rxe2 Rxd5 22. Rf1 Re8 23. Rd2 Rxd2 24. Bxd2 Be5 25. Bc3 Bxc3 26.
bxc3 Ra8 27. a4 Kg8 28. Ra1 Kf7 29. Kf2 Ke6 30. c4 Ra5 31. Ke3 Kd6 32. Kd3 Kc6 33. Kc3 Kb6 34. Rb1+ Kc6 35. Ra1 Kb6 36. Kb3 Ra7 37. Re1 Rf7 38. Re3 Rf2 39. h4 g6 40.
Kc3 Ka5 41. Kd3 Kxa4 42. Re7 Rf3+ 43. Ke4 Rxg3 44. Kd5 Kb4 45. Rb7+ Kc3 46. Rxh7 Rg4 47. Ra7 Rd4+ 48. Kxc5 Rxc4+ 49. Kd5 Rxh4 50. Ra3+ Kb4 51.
Rg3 Rh5+ 52. Ke6 Rc5 53. Rg4+ Kb5 54. Rg1 g5 55. Kf6 Kc6 56. Ke6 Kb5 57. Rg2 Kc4 58. Kd6 Ra5 59. Ke6 Kd4 60. Kf6 Ke4 61. Rg4+ Kf3 62. Rxg5 Ra6+ 63. Ke7 Ra7+ 64. Kd6 Ra6+ 65. Kc7 Ra7+ 66. Kb6 Kf4 67. Rg1 Re7 68. Kc5 Re3 69. Kd5 Rd3+ 70. Ke6 Re3+ 71. Kf6 Rf3 72. Re1 Re3 73.
Ra1 Rf3 74. Ra4+ Ke3+ 75. Ke5 Rf8 76. Ra3+ Ke2 77. Rh3 Kd2 78. Kd4 Rd8+ 79. Kc5 Rc8+ 80. Kd6 Rd8+ 81. Kc6 Rd3 82. Rh2+ Kc3 83. Kc5 Rg3 84.
Rh5 Rg8 85. Rh3+ Kd2 86. Kb4 Rb8+ 87. Kc4 Rc8+ 88. Kd5 Rd8+ 89. Ke6 Re8+ 90. Kd7 Re3 91. Rh6 Rd3+ 92. Kc6 Kc3 93. Kc5 Re3 94. Rh5 Rd3 95.
Rh4 Re3 96. Ra4 Re5+ 97. Kd6 Rh5 98. Ra3+ Kb4 99. Rg3 Kc4 100. Rg4+ Kb5 101. Rg1 Kc4 102. Rd1 Rh8 103. Kc6 Rc8+ 104. Kb7 Rh8 105. Kb6 Rb8+ 106. Ka6 Rh8 107. Rc1+ Kd5 108. Kb7 Rh7+ 109. Kb6 Rh6+ 110. Kb5 Rh4 111. Rd1+ Rd4 112. Rg1 1/2-1/2

[Event "Late-Titled-Tuesday-Blitz-April-30-2024"]
[Site "Chess.com"]
[Date "2024.04.30"]
[Round "9"]
[White "CrushingKings"]
[Black "tgpgoat"]
[Result "1-0"]
[WhiteElo "2623"]
[BlackElo "2467"]
[TimeControl "180+1"]
[EndTime "15:46:36 PDT"]
[Termination "CrushingKings won by resignation"]

1. Nf3 Nf6 2. g3 e6 3. Bg2 d5 4. O-O Be7 5. c4 O-O 6. b3 c5 7. cxd5 exd5 8. d4 Nc6 9. Bb2 cxd4 10. Nxd4 Bc5 11. Nxc6 bxc6 12. Nc3 Be7 13. Rc1 a5 14. Na4 Bd7 15. Qd4 Ne8 16. e4 Bf6 17. Qd2 Be6 18. Rxc6 Bxb2 19. Qxb2 dxe4 20. Bxe4 Nf6 21. Rxe6 fxe6 22.
Bxa8 Qxa8 23. Qe5 Qc6 24. Qxa5 Ne4 25. h4 Ra8 26. Qb6 Qxb6 27. Nxb6 Rxa2 28. Nc4 Nc5 29. Re1 Nxb3 30. Rxe6 Nd4 31. Re3 Nf5 32. Re4 g6 33. Ne5 Kg7 34. Ng4 h5 35. Ne5 Ra7 36. Nf3 Kf6 37.
Ng5 Ra6 38. Kg2 Ng7 39. Rb4 Nf5 40. Rb8 Kg7 41. Rb7+ Kg8 42. Rf7 Rb6 43. Rc7 Ra6 44.
Ne4 Re6 45. Nc3 Ra6 46. Nd5 Rd6 47. Nf4 Ra6 48. Kf3 Nd4+ 49. Ke4 Nf5 50. Ke5 Ng7 51. Rc8+ Kh7 52. Rc7 Kg8 53. Nd5 Ne8 54. Re7 Kf8 55. Rb7 Ra1 56. Ne3 Ra6 57. Kf4 Ra4+ 58. Kg5 Ra6 59.
Kh6 Nf6 60. Kg5 Ne4+ 61. Kf4 Nxf2 62. Nd5 Nd3+ 63. Kg5 Ne5 64. Nf6 Re6 65. Rb8+ Kf7 66.
Rb7+ Re7 67. Rb6 Re6 68. Rb7+ Re7 69. Rb8 Nd7 70. Nxd7 Rxd7 71. Rb5 Re7 72. Ra5 Kg7 73. Ra6 Kh7 74. Rxg6 Re5+ 75. Kf6 Ra5 76. Rg5 Ra6+ 77.
Kf5 Kh6 78. Kf4 Ra4+ 79. Kf3 Ra3+ 80. Ke4 Ra4+ 81. Ke3 Ra3+ 82. Kf2 Ra2+ 83. Kg1 Ra1+ 84.
Kg2 Ra2+ 85. Kh3 Ra1 86. Rd5 Rh1+ 87. Kg2 Ra1 88. Rd6+ Kg7 89. Kf3 Ra4 90. Re6 Kf7 91.
Re5 Kg6 92. Rg5+ Kh6 93. Rd5 Ra3+ 94. Kf4 Ra4+ 95. Kf5 Ra6 96. Re5 Kg7 97. Re7+ Kf8 98. Rh7 Ra5+ 99. Kf4 Ra4+ 100. Kf3 Ra3+ 101. Kf4 Ra4+ 102. Kf5 Rg4 103. Kf6 Rxg3 104. Rxh5 Kg8 105. Rg5+ Rxg5 106. hxg5 Kf8 107. Kg6 Kg8 108. Kf6 Kf8 109. g6 Kg8 110. g7 1-0